 Dungeon Sprint DCSS version 0.30-a0-123-g91d0c66ccf (webtiles) character file.

Game seed: 6073045114382376188

8 Ofeo the Shooter (level 2, -2/24 HPs)
             Began as a Formicid Hunter on Sept 17, 2022.
             Slain by a black bear (3 damage)
             ... in the Dungeon (Sprint IX: "|||||||||||||||||||||||||||||").
             The game lasted 00:00:22 (82 turns).

Ofeo the Shooter (Formicid Hunter)                    Turns: 82, Time: 00:00:23

Health: -2/24      AC:  3    Str: 15    XL:     2   Next: 15%
Magic:  2/2        EV: 12    Int:  8    God:
Gold:   0          SH:  0    Dex: 17    Spells: 1/1 levels left

rFire   . . .      SeeInvis +    a - +0 shortbow
rCold   . . .      Faith    .    (no shield)
rNeg    . . .      Spirit   .    c - +0 leather armour
rPois   .          Reflect  .    (helmet unavailable)
rElec   .          Harm     .    (no cloak)
rCorr   .          Rampage  .    (no gloves)
Will    .....                    (no boots)
Stlth   ++........               (no amulet)
HPRegen 0.08/turn                (no ring)
MPRegen 0.08/turn                (no ring)

@: no status effects
A: permanent stasis, dig shafts and tunnels, antennae 3, four strong arms
a: Dig


You were in the Dungeon.
You visited 1 branch

Inventory:

Hand Weapons
 a - a +0 shortbow (weapon)
Armour
 c - a +0 leather armour (worn)
Scrolls
 b - a scroll of immolation
Potions
 f - 2 potions of magic
 h - a potion of heal wounds {@q2}
 q - a potion of curing {@q1}


   Skills:
 + Level 3.0 Fighting
 + Level 4.4 Ranged Weapons
 + Level 2.5 Dodging
 + Level 2.7 Stealth


You had one spell level left.
You didn't know any spells.
Your spell library was empty.

Dungeon Overview and Level Annotations

Branches:
Dungeon (1/1)

Altars:


Innate Abilities, Weirdness & Mutations

You cannot be hasted, slowed, berserked, paralysed or teleported.
You can dig through walls and to a lower floor.
You have a pair of large antennae on your head. (SInv)
Your four strong arms can wield two-handed weapons with a shield.


Message History

You open the door.
A scorpion, a hound, an iguana, a black bear and an orc come into view.
You shoot an arrow. The arrow hits the orc!
You kill the orc!
The black bear growls angrily.
The iguana hisses angrily.
The hound barks!
Your Fighting skill increases to level 3!
Health restored: 24 You shoot an arrow.
The arrow closely misses the black bear.
The arrow hits the iguana.
The iguana is moderately wounded.
The black bear bites you!
The black bear claws you but does no damage. x2
You take 7 damage, and have 17/24 hp.
MASSIVE DAMAGE!!
You shoot an arrow. The arrow hits the black bear!
The black bear is moderately wounded.
The black bear barely misses you.
The black bear claws you but does no damage. x2
You shoot an arrow. The arrow hits the black bear.
The black bear is heavily wounded.
The black bear bites you but does no damage.
The black bear claws you. The black bear misses you.
You take 3 damage, and have 14/24 hp.
Okay, then.
Non-targeted abil: Dig
Press: ? - help, Q - select action, (/) - cycle Dir - look around, f - activate You extend your mandibles.
Okay, then.
Annotate which branch? (. - D, ? - help, ! - show branch list)
Okay, then.
You retract your mandibles.
You shoot an arrow. The arrow barely misses the black bear.
The arrow completely misses the iguana.
The arrow hits the hound.
The hound is moderately wounded.
The black bear misses you. The black bear claws you. x2
* * * LOW HITPOINT WARNING * * *
The black bear bites you.
* * * LOW HITPOINT WARNING * * *
The black bear misses you. The black bear claws you.
You die... ▓▓▓▓▓▓▓▓▓▓▓▓▓▓▓▓▓▓ +..shlh@....†...<▓ ▓▓▓▓▓▓▓▓▓▓▓▓▓▓▓▓▓▓

You could see a black bear, a scorpion, an iguana and a hound.

Vanquished Creatures
  An orc (D)
  A bat (D)
  An endoplasm (D)
  2 giant cockroaches (D)
  A rat (D)
6 creatures vanquished.

Notes
Turn   | Place    | Note
-------+----------+-------------------------------------------
     0 | D        | Ofeo the Formicid Hunter began the quest for the Orb.
     0 | D        | Reached XP level 1. HP: 16/16 MP: 1/1
    18 | D        | Reached XP level 2. HP: 19/23 MP: 2/2
    77 | D        | Noticed a scorpion
    77 | D        | Noticed a black bear
    82 | D        | HP: 1/24 [black bear (6)]
    82 | D        | Slain by a black bear

Illustrated notes

Levels and vault maps discovered:
D:        linesprint [early_d, line_temple, items_1, d_10, items_2, lair_1,
          lair_end, items_3, orc_1, orc_end, items_4, d_15, swamp_1, shoals_1,
          snake_1, spider_1, d_20, vaults_1, items_5, swamp_end, shoals_end,
          snake_end, spider_end, vaults_end, d_27, items_6, zot_1, zot_end,
          crypt_end, forest_end, elf_end, slime_end, tomb_end, abyss_end,
          pan_hell_end]

Skill      XL: |  1  2 |
---------------+-------+-----
Dodging        | 2 |  2.5
Stealth        | 2 |  2.7
Fighting       | 3 |  3.0
Ranged Weapons | |  4.4

Action                   || total
-------------------------++-------
 Fire: Shortbow          ||    19
 Abil: Dig               ||     1
Armor: Leather armour    ||     8
Dodge: Dodged            ||    17

Table legend: (Time is in decaauts)
 A = Elapsed time spent in this place.
 B = Non-inter-level travel time spent in this place.
 C = Inter-level travel time spent in this place.
 D = Time resting spent in this place.
 E = Time spent auto-exploring this place.
 F = Levels seen in this place.
 G = Mean time per level.
                   A        B        C        D        E       F      G
               +--------+--------+--------+--------+--------+-----+--------+
         Total |     87 |     87 |      0 |     53 |      0 |   1 |   87.0 |
       Dungeon |     87 |     87 |      0 |     53 |      0 |   1 |   87.0 |
               +--------+--------+--------+--------+--------+-----+--------+

Top non-repeatable levels by time:
       D: 87 daAuts
